 Dungeon Sprint DCSS version bcrawl-1.19.2-6-g6a88ae04c9 (webtiles) character file.

Game seed: 10897640513941430767

5565 Freyura the Cruncher (level 10, -4/88 HPs)
             Began as a Demonspawn Gladiator on Jan 4, 2020.
             Was a Priest of Ru.
             Killed from afar by a lindwurm (23 damage)
             ... with a blast of flame
             ... in the Dungeon (Sprint IX: "|||||||||||||||||||||||||||||").
             The game lasted 00:06:55 (1507 turns).

Freyura the Cruncher (Demonspawn Gladiator)         Turns: 1507, Time: 00:06:55

Health: -4/88      AC: 13    Str: 14    XL:     10   Next: 44%
Magic:  9/9        EV: 19    Int: 11    God:    Ru [***...]
Gold:   13         SH:  0    Dex: 22    Spells: 9/9 levels left

rFire    . . .     SeeInvis .   q - +6 quarterstaff (speed)
rCold    . . .     Gourm    .   (shield currently unavailable)
rNeg     . . .     Faith    .   s - +1 scale mail
rPois    .         Spirit   .   c - +0 helmet
rElec    .         Reflect  .   (no cloak)
rCorr    .         Harm     .   (no gloves)
MR       +....     NoTele   +   (no boots)
Stlth    ..........             (no amulet)
HPRegen  0.24/turn              t - +3 ring of dexterity
MPRegen  0.11/turn              u - +2 ring of evasion

@: no status effects
A: hooves 1, icy blue scales 1, clever 1, low mp 1, magic resistance 1,
nightstalker 3, no stealth, inability to use devices, disrupted magic 1,
MP-powered wands
a: Draw Out Power, Renounce Religion


You were in the Dungeon.
You worshipped Ru.
Ru was most pleased with you.
You were very hungry.

You visited 1 branch You collected 13 gold pieces.

Inventory:

Hand Weapons
 q - a +6 quarterstaff of speed (weapon)
Missiles
 d - 3 throwing nets (quivered) {!f}
Armour
 c - a +0 helmet (worn)
 s - a +1 scale mail (worn)
Jewellery
 t - a +3 ring of dexterity (left hand)
 u - a +2 ring of evasion (right hand)
Wands
 o - a wand of iceblast (10)
Scrolls
 k - 3 scrolls of blinking
 m - 4 scrolls of remove curse
 n - 2 scrolls of amnesia
 r - 2 scrolls of identify
 v - a scroll of fog
Potions
 b - a potion of agility
 e - 7 potions of curing
 g - a potion of heal wounds
 h - a potion of haste
 i - 4 potions of magic
 j - 2 potions of berserk rage
 l - a potion of invisibility
 p - a potion of lignification
Comestibles
 f - a ration {!d}


   Skills:
 + Level 11.4 Fighting
 * Level 14.3 Staves
 - Level 1.7 Throwing
 + Level 10.4 Armour
 + Level 10.7 Dodging


You had 9 spell levels left.
You didn't know any spells.
Your spell library was empty.

Dungeon Overview and Level Annotations

Branches:
Dungeon (1/1)

Altars:
Cheibriados
Dithmenos
Elyvilon
Fedhas
Gozag
Hepliaklqana
Kikubaaqudgha
Lugonu
Makhleb
Nemelex Xobeh
Okawaru
Qazlal
Ru
Sif Muna
Trog
Uskayaw
Vehumet
Wu Jian
Xom
Yredelemnul
Zin
The Shining One
Beogh
Jiyva


Innate Abilities, Weirdness & Mutations

You have large cloven feet.
You are partially covered in icy blue scales. (AC +2)
You are completely attuned to the shadows.
You cannot be stealthy.
You cannot study or use magical devices.
Your casting is slightly disrupted.
Your mind is acute. (Int +2)
Your magical capacity is low. (-10% MP)
You are resistant to hostile enchantments. (MR+)
You expend magic power (3 MP) to strengthen your wands.


Message History

The lindwurm is heavily wounded.
You hit the lindwurm. You kick the lindwurm.
The lindwurm is heavily wounded.
The lindwurm closely misses you. The lindwurm claws you.
The lindwurm misses you.
You hit the lindwurm but do no damage.
The lindwurm is heavily wounded.
You are feeling very hungry.
You hit the lindwurm but do no damage.
The lindwurm is heavily wounded.
You thump the lindwurm!
The lindwurm is severely wounded.
The lindwurm breathes flames at you. The blast of flame hits you!
* * * LOW HITPOINT WARNING * * *
You sock the lindwurm! You kick the lindwurm.
You kill the lindwurm!
The lindwurm breathes flames at you. The blast of flame hits you!
You die...

▓.▓.▓_▓
▓.▓.▓_▓
▓.▓.▓_▓
▓.▓.▓_▓
▓.▓.▓_▓
▓.▓.▓_▓
▓†▓.▓'▓
▓.▓.▓.▓
▓@▓.▓.▓
▓k▓.▓|▓
▓w▓.▓)▓
▓.▓.▓[▓
▓.▓.▓.▓
▓.▓.▓
▓.▓.▓
▓.▓[▓
▓.▓'▓


You could see a tyrant leech and a lindwurm.

Vanquished Creatures
  A hydra (D)
  2 two-headed ogres (D)
  2 lindwurms (D)
  2 cane toads (D)
  2 blink frogs (D)
  A hippogriff (D)
  A water moccasin (D)
  4 crocodiles (D)
  5 porcupines (D)
  A black bear (D)
  An ice beast (D)
  A wolf (D)
  2 bullfrogs (D)
  A scorpion (D)
  2 crimson imps (D)
  A jelly (D)
  An iguana (D)
  2 adders (D)
  3 worms (D)
  A bat skeleton (D)
  A bat zombie (D)
  A hobgoblin (D)
  3 kobolds (D)
  A ball python zombie (D)
  A leopard gecko skeleton (D)
  A rat (D)
44 creatures vanquished.

Notes
Turn   | Place    | Note
-------+----------+-------------------------------------------
     0 | D        | Freyura the Demonspawn Gladiator began the quest for the
                  | Orb.
     0 | D        | Reached XP level 1. HP: 16/16 MP: 1/1
     9 | D        | Reached skill level 3 in Staves
    22 | D        | Reached skill level 1 in Armour
   100 | D        | Noticed a jelly
   100 | D        | Noticed a crimson imp
   109 | D        | Gained mutation: You are slightly more attuned to the
                  | shadows. [demonic ancestry]
   109 | D        | Reached XP level 2. HP: 23/23 MP: 2/2
   113 | D        | Reached skill level 4 in Staves
   113 | D        | Gained mutation: You are partially covered in icy blue
                  | scales. (AC +2) [demonic ancestry]
   113 | D        | Reached XP level 3. HP: 9/29 MP: 3/3
   144 | D        | Reached skill level 5 in Staves
   144 | D        | Reached XP level 4. HP: 12/37 MP: 4/4
   330 | D        | Found a roughly hewn altar of Beogh.
   330 | D        | Found a snail-covered altar of Cheibriados.
   330 | D        | Found a shadowy altar of Dithmenos.
   330 | D        | Found a white marble altar of Elyvilon.
   330 | D        | Found a blossoming altar of Fedhas.
   331 | D        | Found an opulent altar of Gozag.
   332 | D        | Found a hazy altar of Hepliaklqana.
   333 | D        | Found a viscous altar of Jiyva.
   334 | D        | Found an ancient bone altar of Kikubaaqudgha.
   335 | D        | Found a corrupted altar of Lugonu.
   336 | D        | Found a burning altar of Makhleb.
   337 | D        | Found a sparkling altar of Nemelex Xobeh.
   338 | D        | Found an iron altar of Okawaru.
   339 | D        | Found a stormy altar of Qazlal.
   340 | D        | Found a sacrificial altar of Ru.
   341 | D        | Found a shimmering blue altar of Sif Muna.
   342 | D        | Found a bloodstained altar of Trog.
   343 | D        | Found a hide-covered altar of Uskayaw.
   344 | D        | Found a radiant altar of Vehumet.
   345 | D        | Found an ornate altar of the Wu Jian Council.
   346 | D        | Found a shimmering altar of Xom.
   347 | D        | Became a worshipper of Ru the Awakened
   348 | D        | Found a basalt altar of Yredelemnul.
   349 | D        | Found a glowing silver altar of Zin.
   350 | D        | Found a glowing golden altar of the Shining One.
   366 | D        | Got the +2 scimitar "Celueraj" {pain, Int+2}
   394 | D        | Noticed a hippogriff
   394 | D        | Noticed an ice beast
   397 | D        | Noticed a two-headed ogre
   404 | D        | Killed a hippogriff
   404 | D        | Reached skill level 5 in Fighting
   404 | D        | Reached skill level 7 in Staves
   404 | D        | Reached skill level 5 in Dodging
   404 | D        | Reached XP level 5. HP: 20/46 MP: 5/5
   405 | D        | Gained mutation: You have large cloven feet. [demonic
                  | ancestry]
   405 | D        | Reached XP level 6. HP: 23/52 MP: 6/6
   409 | D        | Reached skill level 8 in Staves
   409 | D        | Reached skill level 5 in Armour
   414 | D        | Killed an ice beast
   418 | D        | Killed a two-headed ogre
   418 | D        | Reached skill level 10 in Staves
   418 | D        | Gained mutation: You are significantly more attuned to the
                  | shadows. [demonic ancestry]
   418 | D        | Reached XP level 7. HP: 62/62 MP: 7/7
   418 | D        | Reached XP level 8. HP: 68/68 MP: 8/8
   428 | D        | Gained mutation: Your casting is slightly disrupted. [Ru
                  | sacrifice]
   499 | D        | Noticed a two-headed ogre
   500 | D        | Noticed a six-headed hydra
   515 | D        | Killed a two-headed ogre
   515 | D        | Reached skill level 11 in Staves
   525 | D        | Killed a six-headed hydra
   525 | D        | Reached skill level 12 in Staves
   525 | D        | Reached XP level 9. HP: 17/78 MP: 9/9
   884 | D        | Gained mutation: You are resistant to hostile enchantments.
                  | (MR+) [potion of mutation]
   884 | D        | Gained mutation: You expend magic power (3 MP) to
                  | strengthen your wands. [potion of mutation]
   884 | D        | Gained mutation: Your magical capacity is low. (-10% MP)
                  | [potion of mutation]
   884 | D        | Gained mutation: Your mind is acute. (Int +2) [potion of
                  | mutation]
   885 | D        | Noticed a cane toad
   889 | D        | Killed a cane toad
   889 | D        | Reached skill level 10 in Fighting
   893 | D        | Gained mutation: You cannot be stealthy. [Ru sacrifice]
   893 | D        | Reached * piety under Ru
   910 | D        | Reached skill level 13 in Staves
   913 | D        | Noticed a cane toad
   928 | D        | Killed a cane toad
   928 | D        | Reached skill level 10 in Dodging
  1188 | D        | Gained mutation: You are completely attuned to the shadows.
                  | [demonic ancestry]
  1188 | D        | Reached XP level 10. HP: 37/86 MP: 9/9
  1215 | D        | Reached skill level 10 in Armour
  1229 | D        | Gained mutation: You cannot study or use magical devices.
                  | [Ru sacrifice]
  1229 | D        | Reached ** piety under Ru
  1229 | D        | Reached *** piety under Ru
  1481 | D        | Noticed a lindwurm
  1489 | D        | Killed a lindwurm
  1489 | D        | Reached skill level 14 in Staves
  1490 | D        | Noticed a lindwurm
  1493 | D        | Noticed a lindwurm
  1506 | D        | Killed a lindwurm
  1507 | D        | Killed from afar by a lindwurm

Skill      XL: |  1  2  3  4  5  6  7  8  9 10 |
---------------+-------------------------------+-----
Staves         | 3 4 5 7 10 12 13 14 | 14.3
Dodging        | 3 4 5 7 9 10 | 10.7
Armour         | 1 2 3 4 7 8 9 10 | 10.4
Fighting       | 3 4 5 8 9 10 11 | 11.4
Throwing       | |  1.7

Action                   |  1- 3 |  4- 6 |  7- 9 | 10-12 || total
-------------------------+-------+-------+-------+-------++-------
Melee: Quarterstaff      |    56 |    20 |    86 |    52 ||   214
       Kick              |       |     3 |    31 |    18 ||    52
Invok: Sacrifice Essence |       |       |     1 |       ||     1
       Sacrifice Stealth |       |       |     1 |       ||     1
       Sacrifice Artific |       |       |       |     1 ||     1
  Use: Potion            |       |     2 |     1 |     1 ||     4
       Scroll            |       |       |     2 |       ||     2
 Stab: Sleeping          |       |       |     1 |       ||     1
  Eat: Chunk             |       |       |     1 |       ||     1
Armor: Leather armour    |    20 |       |       |       ||    20
       Scale mail        |       |     5 |    16 |     3 ||    24
Dodge: Dodged            |    32 |     8 |    43 |    18 ||   101
